 Dungeon Crawl Stone Soup version 0.17-a0-910-ga669010 (webtiles) character file.

6122 laxity the Thaumaturge (level 10, -2/50 HPs)
             Began as a Deep Elf Fire Elementalist on May 2, 2015.
             Was a High Priest of Vehumet.
             Slain by a hill giant
             ... wielding a cursed -1 giant club
              (33 damage)
             ... on level 10 of the Dungeon.
             The game lasted 00:34:39 (11270 turns).

laxity the Thaumaturge (DEFE)                      Turns: 11270, Time: 00:34:39

Health: -2/50      AC:  7    Str:  5      XL:     10   Next: 59%
Magic:  3/27       EV: 14    Int: 24      God:    Vehumet [*****.]
Gold:   533        SH:  0    Dex: 14 (15) Spells: 8 memorised, 10 levels left

rFire  + + .     SeeInvis .     R - staff of fire
rCold  . . .     Clarity  .     q - +1 robe {rF+}
rNeg   . . .     SustAb   .     (no shield)
rPois  .         Gourm    .     d - +0 helmet
rElec  .         Spirit   .     p - +0 cloak
rCorr  .         Warding  .     (no gloves)
rMut   .         Stasis   .     V - +1 pair of boots
MR     +....                    n - amulet of regeneration
Stlth  ++........               y - +1 ring of evasion
                                (no ring)

@: somewhat resistant to hostile enchantments, unstealthy
A: no striking features
a: Renounce Religion


You were on level 10 of the Dungeon.
You worshipped Vehumet.
Vehumet was extremely pleased with you.
You were not hungry.

You visited 1 branch of the dungeon, and saw 10 of its levels.
You also visited: Sewer and Ossuary.

You collected 533 gold pieces.

Inventory:

Armour
 d - a +0 helmet (worn)
 m - a cursed +1 buckler
 p - a +0 cloak (worn)
 q - a +1 robe of fire resistance (worn)
 V - a +1 pair of boots (worn)
Magical staves
 R - an uncursed staff of fire (weapon)
Jewellery
 g - an uncursed amulet of clarity
 n - an amulet of regeneration (around neck)
 u - an uncursed amulet of resist corrosion {unknown}
 y - a +1 ring of evasion (right hand)
Magical devices
 o - a wand of magic darts (14)
 w - a wand of digging (14)
 B - a wand of disintegration (12)
 C - a wand of confusion (8)
 J - a wand of cold (5)
 L - a wand of frost (6)
 P - a wand of digging (9)
 T - a wand of digging (21)
Scrolls
 e - a scroll of noise
 h - 3 scrolls of amnesia
 k - 4 scrolls of remove curse
 z - 3 scrolls of recharging
 U - 2 scrolls of enchant weapon
Potions
 f - a potion of ambrosia
 i - 6 potions of agility {unknown}
 j - 4 potions of haste {unknown}
 s - 4 potions of curing
 t - 5 potions of berserk rage {unknown}
 v - a potion of degeneration
 x - a potion of flight
 E - 2 potions of resistance
 F - 4 potions of poison
 K - 5 potions of lignification
Books
 b - a book of Flames

   Spells                             Type                      Level
   a - Flame Tongue                   Conjuration/Fire             1
   b - Throw Flame                    Conjuration/Fire             2
   c - Conjure Flame                  Conjuration/Fire             3
   d - Inner Flame                    Hexes/Fire                   3
   e - Sticky Flame                   Conjuration/Fire             4
   f - Fireball                       Conjuration/Fire             5
 D - a book of Annihilations {highlevel}

   This book is beyond your current level of understanding.

   Spells                             Type                      Level
   a - Poison Arrow                   Conjuration/Poison           6
   b - Chain Lightning                Conjuration/Air              8
   c - Lehudib's Crystal Spear        Conjuration/Earth            8
   d - Glaciate                       Conjuration/Ice              9
   e - Fire Storm                     Conjuration/Fire             9
 I - a book of Minor Magic

   Spells                             Type                      Level
   a - Magic Dart                     Conjuration                  1
   b - Blink                          Translocation                2
   c - Call Imp                       Summoning                    2
   d - Repel Missiles                 Charms/Air                   2
   e - Slow                           Hexes                        2
   f - Conjure Flame                  Conjuration/Fire             3
   g - Mephitic Cloud                 Conjuration/Poison/Air       3
 Q - a book of Conjurations

   Spells                             Type                      Level
   a - Magic Dart                     Conjuration                  1
   b - Searing Ray                    Conjuration                  2
   c - Dazzling Spray                 Conjuration/Hexes            3
   d - Fulminant Prism                Conjuration/Hexes            4
   e - Iskenderun's Mystic Blast      Conjuration                  4
   f - Iskenderun's Battlesphere      Conjuration/Charms           5
Comestibles
 a - 3 chunks of flesh
 c - 7 bread rations
 A - 4 meat rations
 H - a beef jerky
 M - 2 royal jellies
 O - 3 fruits
 S - 4 slices of pizza


   Skills:
 - Level 2.4 Dodging
 - Level 2.4 Stealth
 + Level 11.9 Spellcasting
 + Level 9.9 Conjurations
 - Level 3.0 Translocations
 + Level 10.2 Fire Magic
 - Level 2.2 Air Magic


You had 10 spell levels left.
You knew the following spells:

 Your Spells              Type           Power        Failure   Level  Hunger
a - Flame Tongue          Conj/Fire      #####        1%          1    None
b - Throw Flame           Conj/Fire      ######       1%          2    None
c - Conjure Flame         Conj/Fire      #######.     1%          3    None
d - Shock                 Conj/Air       ####         1%          1    None
e - Sticky Flame          Conj/Fire      #######.     1%          4    None
f - Fireball              Conj/Fire      #######...   1%          5    ###....
g - Blink                 Tloc           N/A          1%          2    None
h - Iskenderun's Mystic   Conj           ######..     1%          4    None


Dungeon Overview and Level Annotations

Branches:
Dungeon (10/15)            Temple (0/1) D:6
   Lair: D:8-11         Orc: D:9-12

Altars:
Ashenzari
Elyvilon
Fedhas
Gozag
Kikubaaqudgha
Makhleb
Okawaru
Sif Muna
Trog
Vehumet
Yredelemnul
Zin

Annotations:
D:10 Harold, Maud


Message History

Aim: a hill giant, wielding a giant club You feel a surge of power!
The sticky flame hits the hill giant.
The hill giant is lightly wounded.
The hill giant is covered in liquid flames!
The hill giant burns!
The hill giant barely misses you.
The hill giant burns!
The hill giant burns!
Maud seems less confused.
The hill giant burns!
Maud hits you with an enchanted battleaxe!!
Casting: Sticky Flame
Confirm with . or Enter, or press ? or * to list all spells.
Aiming: Sticky Flame
Press: ? - help, Shift-Dir - straight line, f - Maud, p - hill giant
Aim: Maud, wielding an enchanted battleaxe and wearing a plate armour (severely wounded)
You feel a surge of power!
The sticky flame hits Maud.
Maud appears unharmed.
Maud is severely wounded.
Maud is covered in liquid flames!
Maud burns!
The hill giant burns!
The hill giant hits you with a giant club!!
Ouch! That really hurt!
You die...

#...#)............###>
#####.............#
####.............#
#.................
#................ ##
#................
...#.[....>.........
............P........
...##..@P.†..........
## #.@.C............
.. ##...............
... #..............
.... #........$...#..
..... #..............#
..... P...............
..... ...............
...... .............


You could see Maud (burning) and a hill giant (burning).

Vanquished Creatures
  Snorg (D:10)
  A hill giant (D:7)
  2 trolls (D:9)
  A wraith (Ossuary)
  2 hippogriffs
  A water moccasin (D:8)
  2 orc warriors
  5 ogres
  4 centaurs (D:9)
  A sky beast (D:9)
  2 black bears
  A crocodile (Sewer)
  3 big kobolds
  6 giant frogs
  A wyvern skeleton (D:8)
  8 wights
  4 scorpions
  4 crimson imps
  2 electric eels (D:7)
  2 jellies
  3 hounds
  2 quasits
  5 orc priests
  A gnoll shaman (D:9)
  4 iguanas
  7 orc wizards
  6 worker ants
  2 hound zombies
  2 hound skeletons
  A mummy (Ossuary)
  10 gnolls
  10 adders
  2 adder skeletons
  2 worms
  6 giant geckos
  45 orcs
  4 ball pythons
  23 bats
  2 bat skeletons (D:7)
  5 giant cockroaches
  10 goblins
  12 hobgoblins
  13 jackals
  6 giant newts
  5 gnoll skeletons (Ossuary)
  2 jackal skeletons (D:4)
  26 kobolds
  8 kobold skeletons (Ossuary)
  12 orc skeletons (Ossuary)
  4 quokkas
  15 rats
308 creatures vanquished.

Vanquished Creatures (others)
  A crimson imp (D:10)
  A giant spore (D:10)
2 creatures vanquished.

Grand Total: 310 creatures vanquished

Notes
Turn   | Place    | Note
--------------------------------------------------------------
     0 | D:1      | laxity, the Deep Elf Fire Elementalist, began the quest for the Orb.
     0 | D:1      | Reached XP level 1. HP: 10/10 MP: 6/6
   756 | D:1      | Reached XP level 2. HP: 15/15 MP: 5/8
  1426 | D:2      | Learned a level 2 spell: Throw Flame
  1470 | D:2      | Found a radiant altar of Vehumet.
  1482 | D:2      | Became a worshipper of Vehumet
  1526 | D:2      | Reached skill level 4 in Fire Magic
  1526 | D:2      | Reached XP level 3. HP: 19/19 MP: 3/10
  1719 | D:2      | Learned a level 3 spell: Conjure Flame
  2142 | D:3      | Reached XP level 4. HP: 16/24 MP: 10/12
  2359 | D:3      | Found a white marble altar of Elyvilon.
  2371 | D:3      | Acquired Vehumet's first power
  2371 | D:3      | Offered knowledge of Shock by Vehumet.
  2374 | D:3      | Learned a level 1 spell: Shock
  2820 | D:3      | Found a basalt altar of Yredelemnul.
  2843 | D:3      | Reached XP level 5. HP: 28/28 MP: 8/14
  3202 | D:4      | Noticed an ogre
  3207 | D:4      | Killed an ogre
  3207 | D:4      | Reached skill level 5 in Spellcasting
  3207 | D:4      | Reached skill level 5 in Fire Magic
  3231 | D:4      | Reached XP level 6. HP: 27/32 MP: 6/16
  3430 | D:4      | Offered knowledge of Sandblast by Vehumet.
  4083 | D:5      | Entered Level 5 of the Dungeon
  4115 | D:5      | Found a glowing drain.
  4200 | Sewer    | Entered a sewer
  4378 | Sewer    | Reached skill level 6 in Spellcasting
  4378 | Sewer    | Reached skill level 1 in Air Magic
  4500 | D:5      | Found a bloodstained altar of Trog.
  4508 | D:5      | Reached XP level 7. HP: 36/36 MP: 14/18
  4553 | D:5      | Learned a level 4 spell: Sticky Flame
  4559 | D:5      | Learned a level 5 spell: Fireball
  4571 | D:5      | Offered knowledge of Mephitic Cloud by Vehumet.
  4840 | D:5      | Acquired Vehumet's second power
  4857 | D:5      | Learned a level 2 spell: Blink
  5393 | D:6      | Found a staircase to the Ecumenical Temple.
  5721 | D:6      | Found a deep blue altar of Sif Muna.
  6016 | D:7      | Reached skill level 5 in Conjurations
  6029 | D:7      | Found a sand-covered staircase.
  6051 | Ossuary  | Entered an ossuary
  6051 | Ossuary  | Noticed a wraith
  6051 | Ossuary  | Noticed a wraith
  6051 | Ossuary  | Noticed a wraith
  6067 | Ossuary  | Offered knowledge of Ignite Poison by Vehumet.
  6539 | Ossuary  | Acquired Vehumet's third power
  6612 | Ossuary  | Noticed a wraith
  6629 | Ossuary  | Killed a wraith
  6629 | Ossuary  | Reached skill level 7 in Spellcasting
  6629 | Ossuary  | Reached XP level 8. HP: 30/41 MP: 7/21
  6788 | D:7      | Found an opulent altar of Gozag.
  6891 | D:7      | Offered knowledge of Static Discharge by Vehumet.
  7069 | D:7      | Reached skill level 8 in Spellcasting
  7811 | D:7      | Noticed a hill giant
  7824 | D:7      | Killed a hill giant
  7824 | D:7      | Reached skill level 9 in Spellcasting
  7824 | D:7      | Reached XP level 9. HP: 45/45 MP: 18/24
  7900 | D:7      | Offered knowledge of Throw Icicle by Vehumet.
  8157 | D:8      | Learned a level 4 spell: Iskenderun's Mystic Blast
  8160 | D:8      | Found a blossoming altar of Fedhas.
  8177 | D:8      | Found a burning altar of Makhleb.
  8177 | D:8      | Noticed a blizzard demon
  8182 | D:8      | Found a glowing silver altar of Zin.
  8182 | D:8      | Noticed an angel
  8200 | D:8      | Reached skill level 10 in Spellcasting
  8333 | D:8      | Identified a scroll of acquirement
  8622 | D:8      | Found an ancient bone altar of Kikubaaqudgha.
  9346 | D:9      | Found an iron altar of Okawaru.
  9695 | D:9      | Reached XP level 10. HP: 50/50 MP: 4/26
  9873 | D:9      | Found a shattered altar of Ashenzari.
  9941 | D:9      | Reached skill level 11 in Spellcasting
 10379 | D:9      | Offered knowledge of Olgreb's Toxic Radiance by Vehumet.
 10688 | D:10     | Entered Level 10 of the Dungeon
 10713 | D:10     | Noticed Snorg
 10724 | D:10     | Noticed Maud
 10726 | D:10     | Killed Snorg
 10726 | D:10     | Reached skill level 10 in Fire Magic
 10730 | D:10     | Noticed a seven-headed hydra
 10979 | D:10     | Noticed a red ugly thing
 10984 | D:10     | Noticed Harold
 11260 | D:10     | Noticed a hill giant
 11270 | D:10     | Slain by a hill giant

Action                   |  1- 3 |  4- 6 |  7- 9 | 10-12 || total
-------------------------+-------+-------+-------+-------++-------
Melee: Unarmed           |     2 |       |       |       ||     2
       Falchion          |       |     8 |    13 |       ||    21
       Staff             |       |       |     1 |     2 ||     3
 Cast: Flame Tongue      |    66 |   141 |   310 |    70 ||   587
       Throw Flame       |     4 |     4 |    74 |     9 ||    91
       Conjure Flame     |       |     3 |     4 |     2 ||     9
       Shock             |       |     9 |     4 |       ||    13
       Sticky Flame      |       |       |    10 |    10 ||    20
       Iskenderun's Myst |       |       |     1 |     3 ||     4
       Fireball          |       |       |       |    12 ||    12
       Blink             |       |       |       |     2 ||     2
Evoke: Wand              |       |     1 |     2 |       ||     3
  Use: Scroll            |       |       |    22 |     4 ||    26
       Potion            |       |       |       |     3 ||     3
  Eat: Chunk             |     4 |     7 |    17 |     6 ||    34
       Pizza             |       |       |     1 |       ||     1
